[Event "Team 45 45 League T23"]
[Site "Internet Chess Club"]
[Date "2004.07.12"]
[Round "5"]
[White "SeniorCitizen"]
[Black "BosqueVerde"]
[Result "0-1"]
[WhiteElo "1375"]
[BlackElo "1339"]
[TimeControl "2700+45"]

1. e4 e6 2. d4 d5 3. e5 c5 4. c3 Nc6 5. Nf3 Nge7 6. Nbd2 Nf5 7. Nb3 Qb6 8. Be3
c4 9. Nbd2 Qxb2 10. Qc1 Ba3 11. Qxb2 Bxb2 12. Rb1 Bxc3 13. Be2 a6 14. O-O b5 15.
Rfc1 Ba5 16. Nb3 Bd7 17. Nxa5 Nxa5 18. Bd2 Nc6 19. Bc3 O-O 20. a4 Rfb8 21. axb5
axb5 22. Bb4 Nfxd4 23. Nxd4 Nxd4 24. Bd1 Nc6 25. f4 Nxb4 26. Rxb4 d4 27. Rcb1 c3
28. Rxd4 Bc6 29. Bc2 Ra2 30. Rbd1 Bd5 31. Be4 c2 32. Rc1 Bxe4 33. Rxe4 b4 34.
Rc4 b3 35. Rf1 h6 36. h3 Rd8 37. Kh2 Rd1 38. Rh1 Rxh1+ 39. Kxh1 b2 {White
resigns} 0-1

[Event "Team 45 45 League T23"]
[Site "Internet Chess Club"]
[Date "2004.07.12"]
[Round "5"]
[White "clarinetref"]
[Black "SeanT"]
[Result "1-0"]
[WhiteElo "1424"]
[BlackElo "1375"]
[TimeControl "2700+45"]

1. Nf3 Nf6 2. g3 g6 3. Bg2 Bg7 4. c4 b6 5. Nd4 c6 6. O-O Na6 7. a3 Rb8 8. b4 O-O
9. Bb2 Bb7 10. Nf3 Nc7 11. Nc3 d6 12. e4 e5 13. d4 Nd7 14. d5 Nf6 15. h4 Ba6 16.
Nd2 Bh6 17. dxc6 Bxd2 18. Qxd2 Bxc4 19. Rfd1 Nfe8 20. a4 Bb3 21. Rdc1 a6 22. b5
axb5 23. axb5 Bc4 24. Nd5 Bxb5 25. Nxc7 Qxc7 26. Qc3 Rc8 27. f4 f6 28. Qb3+ d5
29. Qxb5 Nd6 30. Qxd5+ Kg7 31. fxe5 fxe5 32. Bxe5+ Rf6 33. Bxf6+ Kxf6 34. e5+
Kg7 35. exd6 {Black resigns} 1-0

[Event "Team 45 45 League T23"]
[Site "Internet Chess Club"]
[Date "2004.07.09"]
[Round "5"]
[White "siddhu"]
[Black "jientho"]
[Result "1/2-1/2"]
[WhiteElo "1517"]
[BlackElo "1262"]
[TimeControl "2700+45"]

1. e4 e5 2. Nf3 Nf6 3. d4 Nxe4 4. Nxe5 d5 5. Bd3 Bd6 6. Bxe4 dxe4 7. O-O O-O 8.
Nc3 f6 9. Nc4 f5 10. Nxd6 cxd6 11. Bf4 d5 12. Bxb8 Rxb8 13. f3 e3 14. Qd3 f4 15.
Ne2 Bf5 16. Qb3 Rc8 17. Nxf4 Bxc2 18. Qxe3 Qg5 19. g3 Rce8 20. Qf2 Rxf4 21. Qxc2
Rxd4 22. Rae1 Rxe1 23. Rxe1 Rc4 24. Qe2 Qf6 25. Qe8+ Qf8 26. Qe6+ Qf7 27. Qe8+
Qf8 28. Qe6+ Qf7 29. Qe8+ Qf8 {Game drawn by repetition} 1/2-1/2

[Event "Team 45 45 League T23"]
[Site "Internet Chess Club"]
[Date "2004.07.10"]
[Round "5"]
[White "slakkjaw"]
[Black "WannaB"]
[Result "1-0"]
[WhiteElo "1262"]
[BlackElo "1211"]
[TimeControl "2700+45"]

1. d4 Nf6 2. c4 e6 3. Nc3 Bb4 4. Qc2 Nc6 5. Nf3 O-O 6. Bf4 Re8 7. O-O-O d5 8. e4
Qe7 9. e5 Nd7 10. h4 dxc4 11. Bxc4 Nb6 12. Ng5 Nxc4 13. Qxh7+ Kf8 14. Qh8#
{Black checkmated} 1-0

[Event "Team 45 45 League T23"]
[Site "Internet Chess Club"]
[Date "2004.07.08"]
[Round "5"]
[White "littleboo"]
[Black "Mila-Reina"]
[Result "1-0"]
[WhiteElo "1192"]
[BlackElo "1094"]
[TimeControl "2700+45"]

1. e4 c5 2. Nf3 d6 3. d4 cxd4 4. Nxd4 e6 5. Nc3 Bd7 6. Be2 Be7 7. O-O Nf6 8. Bc4
O-O 9. Bf4 e5 10. Bxe5 dxe5 11. Nb3 a6 12. Kh1 b5 13. Bd5 Nxd5 14. exd5 b4 15.
Ne4 Bb5 16. d6 Bh4 17. Re1 Bf6 18. Nbc5 Bc6 19. c4 Nd7 20. Nxd7 Bxd7 21. Qd2 Rc8
22. Qxb4 Be6 23. b3 a5 24. Nxf6+ Kh8 25. Qc3 Qxf6 26. Rxe5 Qxf2 27. Rxa5 Rc6 28.
Qb4 Rd8 29. Rd1 Rdxd6 30. Qb8+ Rc8 31. Qxd6 h6 32. h3 g5 33. Qe5+ Kh7 34. Qb5
Qe2 35. Rd6 Qf1+ 36. Kh2 Rg8 37. c5 g4 38. Qxf1 {Black resigns} 1-0

[Event "Team 45 45 League T23"]
[Site "Internet Chess Club"]
[Date "2004.07.12"]
[Round "5"]
[White "rgadoury"]
[Black "Girlprodigy"]
[Result "1-0"]
[WhiteElo "1433"]
[BlackElo "1495"]
[TimeControl "2700+45"]

1. d4 b6 2. e4 Bb7 3. Nc3 e6 4. a3 g6 5. Nf3 Bg7 6. Be3 d6 7. Be2 Nd7 8. O-O Ne7
9. Qd2 O-O 10. Bh6 Nf6 11. Bxg7 Kxg7 12. Rfe1 Nxe4 13. Nxe4 Bxe4 14. c4 Bb7 15.
Qc3 d5 16. c5 Nf5 17. Bd3 Nh6 18. h3 Rc8 19. c6 Ba8 20. b4 Qd6 21. b5 a6 22. a4
a5 23. Ne5 Rcd8 24. g4 f6 25. Nd7 Nf7 26. Nxf8 Rxf8 27. Qd2 Ng5 28. Kg2 e5 29.
dxe5 Qc5 30. exf6+ Rxf6 31. Qe3 Qc3 32. f4 d4 33. Qe7+ Rf7 34. Qe5+ Rf6 35. fxg5
Qxd3 36. Qxf6+ Kg8 37. Re8# {Black checkmated} 1-0

[Event "Team 45 45 League T23"]
[Site "Internet Chess Club"]
[Date "2004.07.08"]
[Round "5"]
[White "Lothar"]
[Black "jerry813"]
[Result "1-0"]
[WhiteElo "1509"]
[BlackElo "1225"]
[TimeControl "2700+45"]

1. d4 d6 2. e4 Nc6 3. Bb5 Bd7 4. Nf3 g6 5. O-O Bg7 6. Be3 a6 7. Ba4 b5 8. Bb3
Na5 9. c3 c6 10. Ng5 e6 11. Qf3 f6 12. Nxe6 Bxe6 13. Bxe6 Qe7 14. d5 c5 15. Nd2
Nb7 16. b4 c4 17. Qh3 Nd8 18. Bxg8 Rxg8 19. Qxh7 Rh8 20. Qxg6+ Qf7 21. Qxf7+
Nxf7 22. Nf3 Ne5 23. Nxe5 dxe5 24. Rad1 O-O-O 25. Bc5 Bf8 26. Bxf8 Rhxf8 27. f4
Rfe8 28. fxe5 Rxe5 29. Rf4 Rd6 30. g4 Kd7 31. h4 Ke7 32. Rdf1 Kf7 33. Kf2 Kg6
34. Ke3 Rb6 35. Kd4 Re7 36. Re1 Re5 37. h5+ Kg5 38. Rf5+ Kxg4 39. Rxe5 fxe5+ 40.
Kxe5 Kxh5 41. Rf1 Kg5 42. Kd4 Rh6 43. e5 Rh2 44. d6 Rxa2 45. Kc5 Rc2 46. d7 Rd2
47. Kc6 Rd3 48. Kc7 Rd5 49. d8=Q+ Rxd8 50. Kxd8 {Black resigns} 1-0

[Event "Team 45 45 League T23"]
[Site "Internet Chess Club"]
[Date "2004.07.15"]
[Round "5"]
[White "BosqueVerde"]
[Black "MrJoshua"]
[Result "1-0"]
[WhiteElo "1333"]
[BlackElo "1141"]
[TimeControl "2700+45"]

1. e4 e5 2. Nf3 Nc6 3. d4 exd4 4. Nxd4 Nge7 5. Bc4 Ne5 6. b3 c5 7. Nf3 Nxc4 8.
bxc4 Qa5+ 9. Bd2 Qb6 10. O-O Nc6 11. Nc3 Nd4 12. Nd5 Nxf3+ 13. Qxf3 Qc6 14. Bf4
d6 15. Rfe1 Be6 16. Rad1 Bxd5 17. exd5+ {Black resigns} 1-0

[Event "Team 45 45 League T23"]
[Site "Internet Chess Club"]
[Date "2004.07.10"]
[Round "5"]
[White "DayDream01"]
[Black "EyeAm"]
[Result "1-0"]
[WhiteElo "1096"]
[BlackElo "1255"]
[TimeControl "2700+45"]

1. d4 f5 2. c4 Nf6 3. Nc3 e6 4. e3 Bb4 5. Bd2 b6 6. Bd3 Bb7 7. Nf3 O-O 8. O-O d6
9. a3 Bxc3 10. Bxc3 Nbd7 11. Ng5 Qe8 12. Qc2 Qg6 13. f4 h6 14. Nxe6 Qxg2+ 15.
Qxg2 Bxg2 16. Nxf8 Bxf1 17. Rxf1 Rxf8 18. Bxf5 Nb8 19. d5 Nh5 20. Bg6 Nf6 21.
Kg2 Ng4 22. Rf3 Nd7 23. h3 Nxe3+ 24. Rxe3 Rxf4 25. Re8+ Nf8 26. Bd3 Rf7 27. Ra8
a5 28. b4 axb4 29. axb4 Re7 30. Kf3 Kf7 31. Bf5 Ng6 32. Bxg6+ Kxg6 33. Ra7 Rf7+
34. Ke4 Kg5 35. Ke3 Kh4 36. c5 bxc5 37. bxc5 {Black forfeits on time} 1-0

[Event "Team 45 45 League T23"]
[Site "Internet Chess Club"]
[Date "2004.07.11"]
[Round "5"]
[White "IAMC"]
[Black "Turzo"]
[Result "1-0"]
[WhiteElo "2166"]
[BlackElo "2316"]
[TimeControl "2700+45"]

1. e4 c5 2. Nc3 Nc6 3. g3 g6 4. Bg2 Bg7 5. d3 d6 6. Be3 e5 7. Qd2 Nge7 8. Bh6
Bxh6 9. Qxh6 Nd4 10. Qd2 Qa5 11. Nf3 Bh3 12. Nxd4 Bxg2 13. Nb3 Qc7 14. Rg1 Bh3
15. g4 h5 16. f3 hxg4 17. fxg4 Qd7 18. Qg5 Qe6 19. Nd5 Nxd5 20. exd5 Qe7 21.
Qxe7+ Kxe7 22. Ke2 Rh4 23. Kf3 Rah8 24. Rae1 f5 25. gxf5 gxf5 26. Rh1 Bg4+ 27.
Kg2 Bh3+ 28. Kf2 Rf4+ 29. Ke3 Bg2 30. Rhg1 Rf3+ 31. Ke2 Rxh2 32. Rxg2 Rxg2+ 33.
Kxf3 Rxc2 34. Re2 Rxe2 35. Kxe2 b6 36. a4 Kd7 37. Kf3 Kc7 38. Kg3 a6 39. Kh4 b5
40. a5 Kd7 41. Kg5 f4 42. Nd2 Ke7 43. Kg6 Kd7 44. Kf7 Kd8 45. Ke6 Kc7 46. Ke7 c4
47. dxc4 bxc4 48. Ke6 {Black resigns} 1-0

[Event "Team 45 45 League T23"]
[Site "Internet Chess Club"]
[Date "2004.07.11"]
[Round "5"]
[White "MrGolden"]
[Black "elnik"]
[Result "0-1"]
[WhiteElo "1936"]
[BlackElo "1937"]
[TimeControl "2700+45"]

1. e4 c5 2. Nf3 Nc6 3. Bb5 g6 4. Bxc6 bxc6 5. O-O Bg7 6. Re1 d5 7. e5 e6 8. d4
cxd4 9. Qxd4 Ne7 10. Qc5 Qb6 11. Qxb6 axb6 12. c3 c5 13. Bf4 O-O 14. Na3 Bd7 15.
Nc2 Ra4 16. Bd2 Rfa8 17. a3 Nc6 18. b4 Bf8 19. Reb1 Na7 20. Nfe1 Nb5 21. Nf3
Nxa3 22. Nxa3 Rxa3 23. Rxa3 Rxa3 24. h3 Ba4 25. Rc1 Ra2 26. Kf1 Bb5+ 27. Ke1 Rb2
28. bxc5 bxc5 29. Be3 Bd3 30. Bd2 Be4 31. Ng1 Bxg2 32. f3 Rxd2 33. Kxd2 Bh6+ 34.
Kd1 Bxc1 35. Kxc1 Bf1 36. Kd2 Kg7 37. f4 Kh6 38. Ke1 Bg2 39. Kf2 Be4 40. Ne2 Bd3
41. Nc1 Bc4 42. Kg3 g5 {White resigns} 0-1

[Event "Team 45 45 League T23"]
[Site "Internet Chess Club"]
[Date "2004.07.11"]
[Round "5"]
[White "azbycx"]
[Black "Gandalf"]
[Result "1/2-1/2"]
[WhiteElo "1944"]
[BlackElo "1870"]
[TimeControl "2700+45"]

1. d4 d5 2. c4 c6 3. Nc3 e5 4. dxe5 d4 5. Ne4 Qa5+ 6. Nd2 Qxe5 7. Ngf3 Qd6 8. g3
Nf6 9. Bg2 Be7 10. O-O O-O 11. Nb3 c5 12. Bf4 Qd8 13. Qc2 Nc6 14. a3 h6 15. Rad1
Bg4 16. Ne5 Nxe5 17. Bxe5 Qb6 18. Nc1 Rad8 19. h3 Bh5 20. f4 Nd7 21. Qe4 f5 22.
Qxb7 Qxb7 23. Bxb7 Nxe5 24. fxe5 Rb8 25. Bd5+ Kh8 26. Rd2 Bg5 27. Rc2 Be3+ 28.
Kg2 f4 29. gxf4 Bxc1 30. Rfxc1 Rxf4 31. Rf1 Rxf1 32. Kxf1 Rb3 33. Kg2 g5 34. Rd2
Re3 35. Bf3 Bxf3+ 36. exf3 Rxe5 37. b4 Re3 38. bxc5 Rxa3 39. Rxd4 Ra5 40. c6 Rc5
41. Rd8+ Kg7 42. Rd7+ Kg6 43. Rxa7 Rxc6 44. Ra4 Rc5 45. Rb4 Kh5 46. Kg3 Rc6 47.
Ra4 Rc5 48. Rb4 Rc6 49. Kg2 Rc5 50. f4 Kh4 51. fxg5 hxg5 52. Rb6 g4 53. hxg4
Kxg4 54. Rb4 {Game drawn by mutual agreement} 1/2-1/2

[Event "Team 45 45 League T23"]
[Site "Internet Chess Club"]
[Date "2004.07.12"]
[Round "5"]
[White "Irvin"]
[Black "deathmage"]
[Result "1-0"]
[WhiteElo "1779"]
[BlackElo "1655"]
[TimeControl "2700+45"]

1. e4 e6 2. d4 d5 3. Nc3 Bb4 4. e5 Ne7 5. a3 Bxc3+ 6. bxc3 c5 7. Qg4 Ng6 8. h4
h5 9. Qg3 cxd4 10. cxd4 Nc6 11. c3 Bd7 12. Bd3 Nce7 13. Ne2 Nf5 14. Bxf5 exf5
15. Nf4 Nxf4 16. Bxf4 g6 17. Bg5 Qa5 18. O-O Be6 19. Rfb1 b6 20. Qd3 Rc8 21. Bd2
Rc4 22. Rb4 Kd7 23. a4 Rhc8 24. Qb1 R8c7 25. Rb5 Qa6 26. a5 bxa5 27. Raxa5 Qc6
28. Qa1 a6 29. Rb8 Ra7 30. Qa3 Qc7 31. Qf8 Kc6 32. Ra1 a5 33. Rab1 a4 34. R8b6+
Qxb6 35. Qd6+ Kb7 36. Qxb6+ {Black resigns} 1-0

[Event "Team 45 45 League T23"]
[Site "Internet Chess Club"]
[Date "2004.07.11"]
[Round "5"]
[White "drawyah"]
[Black "cxi"]
[Result "1-0"]
[WhiteElo "2325"]
[BlackElo "2109"]
[TimeControl "2700+45"]

1. e4 c5 2. Nf3 Nc6 3. Bb5 g6 4. O-O Bg7 5. c3 Qb6 6. Na3 d6 7. h3 Bd7 8. Re1 e6
9. d4 Nge7 10. Nc4 Qc7 11. dxc5 dxc5 12. Nd6+ Kf8 13. Ng5 Be8 14. Be3 h6 15. Nf3
b6 16. Nxe8 Rxe8 17. Qa4 Rc8 18. Rad1 Kg8 19. Ba6 Rd8 20. Rxd8+ Nxd8 21. Rd1
Ndc6 22. Rd2 Kh7 23. Qd1 Rd8 24. Rxd8 Qxd8 25. Qxd8 Nxd8 26. Kf1 Ndc6 27. Ke2 f5
28. Nd2 e5 29. f3 h5 30. Kd3 Bh6 31. Bf2 Nb8 32. Bb7 Nd7 33. a4 Kg7 34. Nc4 Kf6
35. a5 Bf4 36. a6 Ke6 37. Na3 Nb8 38. b4 cxb4 39. cxb4 Nec6 40. b5 Na5 41. Bd5+
Kd7 42. Bxb6 Nxa6 43. bxa6 {Black resigns} 1-0

[Event "Team 45 45 League T23"]
[Site "Internet Chess Club"]
[Date "2004.07.10"]
[Round "5"]
[White "fileman"]
[Black "Wolfenspitz"]
[Result "1/2-1/2"]
[WhiteElo "2033"]
[BlackElo "2015"]
[TimeControl "2700+45"]

1. e4 c5 2. f4 d5 3. Nc3 dxe4 4. Nxe4 e6 5. Nf3 Nc6 6. g3 Be7 7. Bg2 Nf6 8. Nf2
O-O 9. O-O Qc7 10. b3 b6 11. Bb2 Bb7 12. c4 Rfd8 13. Qe2 Ne8 14. Ng4 Nd6 15.
Rad1 Nf5 16. Ne3 Nfd4 17. Nxd4 Nxd4 18. Bxd4 Rxd4 19. Bxb7 Qxb7 20. Qg2 Qxg2+
21. Kxg2 Rad8 22. Rf2 g6 23. Kf3 Kg7 24. Ke2 Bf6 25. Ng4 Be7 26. d3 f6 27. Ne3
h5 28. Nc2 R4d7 29. Ke3 f5 30. Ne1 Bf6 31. Nf3 Bd4+ 32. Nxd4 Rxd4 33. Rf3 Kf6
34. Ke2 e5 35. fxe5+ Kxe5 36. Re3+ Kf6 37. Rf1 h4 38. Rf2 hxg3 39. hxg3 {Game
drawn by mutual agreement} 1/2-1/2

[Event "Team 45 45 League T23"]
[Site "Internet Chess Club"]
[Date "2004.07.09"]
[Round "5"]
[White "BillyNoMates"]
[Black "bbbad"]
[Result "1-0"]
[WhiteElo "1772"]
[BlackElo "1648"]
[TimeControl "2700+45"]

1. e4 d5 2. exd5 Qxd5 3. Nc3 Qa5 4. d4 Nf6 5. Bd3 c6 6. Nf3 Bg4 7. h3 Bh5 8. g4
Bg6 9. Ne5 Bxd3 10. Qxd3 e6 11. Bd2 Bb4 12. a3 Bxc3 13. Bxc3 Qc7 14. Bb4 Nbd7
15. f4 O-O-O 16. Nxf7 Qxf4 17. Bd6 Qe4+ 18. Qxe4 Nxe4 19. Bb4 Ndf6 20. Nxh8 Rxh8
21. O-O Nd5 22. Rae1 Ng5 23. Kh2 Nxb4 24. axb4 h6 25. h4 Nh7 26. Rxe6 Nf6 27.
Kg3 Kd7 28. Re5 Kd6 29. c4 b6 30. Rfe1 Nd7 31. Re6+ Kc7 32. Re7 Kd8 33. Rxg7
{Black resigns} 1-0

[Event "Team 45 45 League T23"]
[Site "Internet Chess Club"]
[Date "2004.07.13"]
[Round "5"]
[White "fuzzface"]
[Black "e4ia"]
[Result "1/2-1/2"]
[WhiteElo "1356"]
[BlackElo "1507"]
[TimeControl "2700+45"]

1. e4 d5 2. e5 Bf5 3. d4 e6 4. Nf3 c5 5. Bb5+ Nc6 6. O-O a6 7. Bxc6+ bxc6 8. Bg5
Be7 9. Bxe7 Qxe7 10. c3 Bg4 11. Qa4 Qb7 12. Nbd2 Bxf3 13. Nxf3 Ne7 14. Qb3 Qxb3
15. axb3 cxd4 16. cxd4 O-O 17. b4 Rfb8 18. Ra4 Nc8 19. Rfa1 Rb6 20. Ne1 Ne7 21.
Nd3 Nf5 22. Nc5 Nxd4 23. Nd7 Rxb4 24. Rxa6 Rxa6 25. Rxa6 h6 26. Ra8+ Kh7 27.
Nf8+ Kg8 28. Nxe6+ Kh7 29. Nf8+ Kg8 30. Ne6+ Kh7 31. Nf8+ {Game drawn by mutual
agreement} 1/2-1/2

[Event "Team 45 45 League T23"]
[Site "Internet Chess Club"]
[Date "2004.07.08"]
[Round "5"]
[White "klt713"]
[Black "tekdeth"]
[Result "1-0"]
[WhiteElo "1285"]
[BlackElo "1344"]
[TimeControl "2700+45"]

1. d4 Nf6 2. c4 g6 3. Nc3 Bg7 4. e4 d6 5. Nf3 O-O 6. Be2 e5 7. Bg5 Bg4 8. Qc2
exd4 9. Nd5 c6 10. Nxf6+ Bxf6 11. h4 Bxf3 12. Bxf6 Qxf6 13. Bxf3 d3 14. Qc3
Qxc3+ 15. bxc3 Nd7 16. g3 Nc5 17. O-O b5 18. cxb5 cxb5 19. e5 dxe5 20. Bxa8 Rxa8
21. Rfd1 Rd8 22. f3 d2 23. Kf2 Nd3+ 24. Ke2 f5 25. Rxd2 Nf4+ 26. gxf4 Rxd2+ 27.
Kxd2 exf4 28. a4 h5 29. axb5 g5 30. hxg5 h4 31. Rh1 a6 32. bxa6 Kg7 33. Rxh4 Kg6
34. Rxf4 Kxg5 35. Rd4 f4 36. a7 Kh4 37. a8=Q Kg3 38. c4 Kf2 39. Rxf4 Kf1 40. c5
Kf2 41. c6 Kf1 42. c7 Kf2 43. c8=Q Kg2 44. Rg4+ Kf2 45. f4 Kf1 46. Qg2# {Black
checkmated} 1-0

[Event "Team 45 45 League T23"]
[Site "Internet Chess Club"]
[Date "2004.07.14"]
[Round "5"]
[White "peterts"]
[Black "ffplayer"]
[Result "1-0"]
[WhiteElo "1053"]
[BlackElo "1095"]
[TimeControl "2700+45"]

1. e4 d6 2. d4 e5 3. d5 Nf6 4. f3 c6 5. c4 Be7 6. Nh3 O-O 7. Ng5 h6 8. Nh3 a6 9.
f4 Nxe4 10. fxe5 Bxh3 11. gxh3 cxd5 12. Bxh6 Bh4+ 13. Ke2 g6 14. Qd4 f6 15. e6
Re8 16. Nc3 Nxc3+ 17. bxc3 Rxe6+ 18. Kd3 dxc4+ 19. Kxc4 b5+ 20. Kd3 f5 21. Qg7#
{Black checkmated} 1-0

[Event "Team 45 45 League T23"]
[Site "Internet Chess Club"]
[Date "2004.07.09"]
[Round "5"]
[White "Gomer"]
[Black "SandiaCaveMan"]
[Result "1/2-1/2"]
[WhiteElo "1423"]
[BlackElo "1295"]
[TimeControl "2700+45"]

1. e4 c5 2. Nf3 Nc6 3. Nc3 e5 4. Bc4 d6 5. O-O Be7 6. d3 Bg4 7. Nd5 Nd4 8. Bd2
b5 9. Nxe7 bxc4 10. Nd5 Nxf3+ 11. gxf3 Bh3 12. Re1 Nf6 13. Nxf6+ Qxf6 14. Kh1
Rg8 15. Rg1 g5 16. dxc4 Ke7 17. Rg3 Be6 18. b3 Rg6 19. Qg1 Rag8 20. a4 h5 21.
Qb1 h4 22. Rg1 Qxf3+ 23. Rg2 Bh3 24. Qg1 Qxe4 25. Re1 Bxg2+ 26. Qxg2 Qxg2+ 27.
Kxg2 f6 28. b4 cxb4 29. Bxb4 Rc8 30. Rd1 f5 31. a5 Rxc4 32. Ba3 Rxc2 33. Rb1 Rc7
34. Rb3 Re6 35. a6 Kf6 36. Rb7 Rxb7 37. axb7 Re8 38. Bxd6 a5 39. b8=Q Rxb8 40.
Bxb8 a4 41. Bd6 Ke6 42. Ba3 f4 43. f3 Kf5 44. Be7 Ke6 45. Ba3 Kf5 46. h3 e4 47.
fxe4+ Kxe4 48. Be7 f3+ 49. Kf2 Kf4 50. Bd6+ Ke4 51. Be7 Kf4 52. Bd6+ Ke4 53. Be7
g4 54. hxg4 h3 55. Kg3 Ke3 56. Kxh3 f2 57. Bc5+ Ke2 58. Bxf2 Kxf2 59. g5 a3 60.
g6 a2 61. g7 a1=Q 62. g8=Q Qa3+ 63. Kh4 Qe7+ 64. Kh5 Qe5+ 65. Kh6 Qh2+ {Game
drawn by mutual agreement} 1/2-1/2

[Event "Team 45 45 League T23"]
[Site "Internet Chess Club"]
[Date "2004.07.10"]
[Round "5"]
[White "Rojo"]
[Black "NineMilly"]
[Result "1/2-1/2"]
[WhiteElo "1190"]
[BlackElo "1296"]
[TimeControl "2700+45"]

1. e4 c5 2. Nf3 Nf6 3. Nc3 Nc6 4. Bc4 e6 5. O-O Bd6 6. Re1 Ne5 7. Nxe5 Bxe5 8.
d3 Qc7 9. g3 Bxc3 10. bxc3 Qe5 11. d4 cxd4 12. cxd4 Qc7 13. Bf1 d5 14. Bg2 dxe4
15. Bxe4 O-O 16. Bg2 Qc3 17. Bg5 Ne8 18. Be7 Nf6 19. Bxf8 Kxf8 20. Qd3 Qc7 21.
Rab1 Rb8 22. Qa3+ Kg8 23. Qxa7 Nd7 24. Qa4 b6 25. Re5 Bb7 26. Bxb7 Nxe5 27. dxe5
Qxb7 28. Qd4 b5 29. Rd1 Qc7 30. Qd6 Qc8 31. Qd7 g6 32. Qxc8+ Rxc8 33. Rd2 Rc3
34. Kf1 Kg7 35. Ke1 b4 36. Kd1 Ra3 37. Rd4 Rxa2 38. Rxb4 Ra1+ 39. Ke2 Rc1 40. c4
f5 41. Kd2 Rf1 42. Ke2 Rc1 {Game drawn by mutual agreement} 1/2-1/2

[Event "Team 45 45 League T23"]
[Site "Internet Chess Club"]
[Date "2004.06.23"]
[Round "5"]
[White "Stav"]
[Black "ChessmanDan"]
[Result "1-0"]
[WhiteElo "1684"]
[BlackElo "1801"]
[TimeControl "2700+45"]

1. Nf3 c5 2. b3 d5 3. e3 Nc6 4. Bb2 Nf6 5. Bb5 e6 6. O-O Bd6 7. Bxc6+ bxc6 8.
Ne5 Ba6 9. d3 O-O 10. f4 Qc7 11. Nd2 Nd7 12. Ndf3 Nxe5 13. fxe5 Be7 14. c4 f6
15. Qe1 Rab8 16. Rb1 Rf7 17. Qg3 Rbf8 18. Rf2 fxe5 19. Bxe5 Qd8 20. Rbf1 Bf6 21.
Bd6 Re8 22. Ng5 Rd7 23. Rxf6 Rxd6 24. Rf7 Rd7 25. Nxe6 Rxf7 26. Nxd8 Rxf1+ 27.
Kxf1 Rxd8 28. Qc7 Rf8+ 29. Ke2 Bc8 30. h3 dxc4 31. bxc4 Bf5 32. Qxa7 Rd8 33. e4
Re8 34. Qxc5 Bxe4 35. dxe4 Rxe4+ {Black resigns} 1-0

[Event "Team 45 45 League T23"]
[Site "Internet Chess Club"]
[Date "2004.07.13"]
[Round "5"]
[White "yates"]
[Black "jks2000"]
[Result "1/2-1/2"]
[WhiteElo "1695"]
[BlackElo "1532"]
[TimeControl "2700+45"]

1. e4 e6 2. d4 d5 3. e5 c5 4. c3 Nc6 5. Nf3 Qb6 6. Be2 Nh6 7. Bd3 Be7 8. O-O O-O
9. Bxh6 gxh6 10. Qc2 cxd4 11. Nxd4 Nxd4 12. Bxh7+ Kg7 13. cxd4 Qxd4 14. Re1 f5
15. exf6+ Rxf6 16. Nc3 Bc5 17. Re2 Bd7 18. Rd1 Qf4 19. Nxd5 exd5 20. Qxc5 Kxh7
21. Qxd5 Bc6 22. Re7+ Kh8 23. Qd4 Qxd4 24. Rxd4 Raf8 25. f3 Kg8 26. a3 R8f7 27.
Rg4+ Kf8 28. Re3 Rd7 29. Re2 Kf7 30. Kf2 Rfd6 31. Rf4+ Kg7 32. Rg4+ Kh7 33. g3
Rd2 34. Rb4 Rxe2+ 35. Kxe2 Re7+ 36. Kf2 Re5 37. f4 Rb5 38. Rxb5 Bxb5 39. Ke3 Kg6
40. g4 Kf6 41. h4 Kg6 42. b4 Bd7 43. g5 hxg5 44. fxg5 Kf5 45. Kd4 Kg4 46. Kc5
{Game drawn by mutual agreement} 1/2-1/2

[Event "Team 45 45 League T23"]
[Site "Internet Chess Club"]
[Date "2004.07.10"]
[Round "5"]
[White "ebattousai"]
[Black "tjet"]
[Result "1/2-1/2"]
[WhiteElo "1500"]
[BlackElo "1605"]
[TimeControl "2700+45"]

1. e4 d5 2. d4 dxe4 3. Nc3 Nf6 4. f3 exf3 5. Nxf3 c6 6. Bf4 Bg4 7. Bc4 e6 8. O-O
Bd6 9. Bg5 Be7 10. Qd3 Bf5 11. Qe2 Nd5 12. Bxe7 Nxe7 13. Kh1 O-O 14. Rad1 Nd7
15. Ne4 Bxe4 16. Qxe4 Nf6 17. Qe1 Ned5 18. c3 b5 19. Bd3 g6 20. Ne5 Rc8 21. Rd2
Nh5 22. Rdf2 f5 23. g3 Qe7 24. Qd1 Ne3 25. Qf3 Nxf1 26. Nxc6 Qb7 27. Bxb5 Rf7
28. Rxf1 Ng7 29. Ba4 Rfc7 30. d5 e5 31. Nxe5 Rc5 32. Bb3 Kf8 33. g4 Qc7 34. Nc6
Rxc6 35. dxc6 Qxc6 36. Qxc6 Rxc6 37. gxf5 Nxf5 38. Kg1 Kg7 39. Kf2 Rd6 40. Re1
Rd2+ 41. Re2 Rd7 42. Be6 Rc7 43. Bxf5 gxf5 44. Kf3 Kf6 45. Re3 h6 46. b3 a6 47.
Kf4 Rc5 48. Rh3 Kg6 49. Rg3+ Kf6 50. Rd3 a5 51. c4 Re5 52. Rd6+ Re6 53. Rxe6+
Kxe6 54. h3 h5 55. h4 Kf6 56. a4 Ke6 57. c5 Kd5 58. Kxf5 Kxc5 59. Kg5 Kb4 60.
Kxh5 Kxb3 61. Kg5 Kxa4 62. h5 Kb3 63. h6 a4 64. h7 a3 65. h8=Q a2 66. Qb8+ Kc2
67. Qc7+ Kb1 68. Qb6+ Kc2 69. Qc5+ Kb1 70. Qb4+ Kc2 71. Qe1 Kb2 72. Qd2+ Kb1 73.
Qb4+ Kc2 74. Qa3 Kb1 75. Qb3+ Ka1 76. Qd1+ Kb2 77. Qd2+ Kb1 78. Qd3+ Kb2 79.
Qd2+ Kb1 80. Qb4+ Kc2 81. Qa5 Kb1 82. Qb5+ Kc2 83. Qc5+ Kb1 84. Qb5+ Kc2 85.
Qc4+ Kb1 86. Qd3+ Kb2 87. Qd2+ Kb1 88. Qxa2+ Kxa2 {Game drawn because neither
player has mating material} 1/2-1/2

[Event "Team 45 45 League T23"]
[Site "Internet Chess Club"]
[Date "2004.07.10"]
[Round "5"]
[White "hawk757"]
[Black "Gomer"]
[Result "0-1"]
[WhiteElo "1345"]
[BlackElo "1436"]
[TimeControl "2700+45"]

1. d4 Nf6 2. Nc3 d5 3. g3 Nc6 4. Bg2 e6 5. a3 Bd6 6. Nf3 O-O 7. O-O Re8 8. Ne5
Nxe5 9. dxe5 Bxe5 10. e3 c6 11. Ne2 Qb6 12. Rb1 Rd8 13. c3 c5 14. b4 Bd7 15.
bxc5 Qxb1 16. f4 Bc7 17. Qd4 Bb5 18. Bd2 Qd3 19. Qxd3 Bxd3 20. Bf3 Ne4 21. Rd1
Nxd2 22. Rxd2 Bxe2 23. Rxe2 a5 24. Rb2 Rab8 25. f5 exf5 26. Kg2 b6 27. c6 Rd6
28. Rb5 Rxc6 29. c4 Rxc4 30. Bxd5 Rc5 31. Rxc5 bxc5 32. Kf3 g6 33. e4 fxe4+ 34.
Kxe4 Re8+ 35. Kd3 Kg7 36. Kc4 Re3 37. a4 Bb6 38. Kb5 Re5 39. Bc6 Bc7 40. Kc4 Kf6
41. Bd5 h5 42. Kxc5 Re2 43. Kc6 Be5 44. Kb6 Rxh2 45. Kxa5 Bxg3 46. Kb5 Rb2+ 47.
Ka6 h4 48. a5 h3 49. Ka7 h2 50. a6 Rb1 51. Ka8 Ke5 52. Bb7 h1=Q 53. Bxh1 Rxh1
54. a7 Ra1 55. Kb7 Rxa7+ 56. Kxa7 g5 57. Kb6 g4 58. Kc5 Bf2+ 59. Kc4 g3 60. Kd3
g2 61. Ke2 g1=Q {White resigns} 0-1

[Event "Team 45 45 League T23"]
[Site "Internet Chess Club"]
[Date "2004.07.10"]
[Round "5"]
[White "camembert"]
[Black "az2112"]
[Result "0-1"]
[WhiteElo "1784"]
[BlackElo "1734"]
[TimeControl "2700+45"]

1. e4 c5 2. Nf3 d6 3. Bb5+ Nc6 4. d4 a6 5. Bxc6+ bxc6 6. dxc5 Qa5+ 7. Nc3 Qxc5
8. Be3 Qa5 9. Nd4 Bd7 10. Nb3 Qc7 11. Qd3 Nf6 12. f4 e6 13. O-O-O Be7 14. e5 Nd5
15. exd6 Bxd6 16. Na4 Bxf4 17. Bxf4 Qxf4+ 18. Kb1 Qxa4 19. Nc5 Qb5 20. Nxd7 Qxd3
21. Rxd3 Kxd7 22. c4 Rhc8 23. Rf1 Ke7 24. cxd5 cxd5 25. Rdf3 f6 26. g4 Rf8 27.
Rb3 Rab8 28. Ra3 Rb6 29. Raf3 Rfb8 30. b3 a5 31. g5 e5 32. Rc3 R8b7 33. gxf6+
gxf6 34. Ka1 d4 35. Rc5 Ra6 36. Rf3 a4 37. bxa4 Rxa4 38. Rc6 Rab4 39. Rf1 R4b6
40. Rc2 f5 41. a4 Ra6 42. Rxf5 Rxa4+ 43. Ra2 Rxa2+ 44. Kxa2 Ke6 45. Rf1 Kd5 46.
h4 d3 47. h5 Kd4 48. h6 Rb6 {White resigns} 0-1

[Event "Team 45 45 League T23"]
[Site "Internet Chess Club"]
[Date "2004.07.08"]
[Round "5"]
[White "dondel"]
[Black "Girlprodigy"]
[Result "0-1"]
[WhiteElo "1572"]
[BlackElo "1555"]
[TimeControl "2700+45"]

1. e4 e5 2. Bc4 Nf6 3. Nc3 d6 4. Nf3 Bg4 5. d3 h6 6. h3 Bh5 7. Be3 Nc6 8. Qd2
Bxf3 9. gxf3 Na5 10. O-O-O Nxc4 11. dxc4 Qd7 12. Nd5 Nxd5 13. exd5 Qa4 14. a3
Qxc4 15. b3 Qa6 16. Kb2 Be7 17. Rhg1 g5 18. Ra1 O-O-O 19. a4 Bf6 20. c3 Bg7 21.
Ra2 f5 22. Qc2 f4 23. Bd2 Qe2 24. h4 Qxf2 25. Qd1 Qxh4 26. Rh1 Qf2 27. Ka3 Qc5+
28. b4 Qxd5 29. Rc2 e4 30. fxe4 Qxe4 31. Re1 Qg6 32. a5 Rde8 33. Qg4+ Kb8 34.
Rxe8+ Rxe8 35. Bxf4 Qxc2 36. Qd7 Qxc3+ 37. Ka4 Qc6+ 38. Qxc6 bxc6 {White
resigns} 0-1